 Dungeon Crawl Stone Soup version 0.29.1-2-gbd0b4ee654 (webtiles) character file.

Game seed: 3158287328365581763

52 Ivernyr the Sneak (level 3, 0/28 HPs)
             Began as a Naga Enchanter on Oct 29, 2022.
             Slain by a gnoll
             ... wielding a +0 whip
              (1 damage)
             ... on level 2 of the Dungeon.
             The game lasted 00:03:04 (1045 turns).

Ivernyr the Sneak (Naga Enchanter)                  Turns: 1045, Time: 00:03:05

Health: 0/28       AC:  2    Str: 10    XL:     3   Next: 85%
Magic:  3/7        EV:  9    Int: 17    God:
Gold:   99         SH:  0    Dex: 11    Spells: 5/7 levels left

rFire   . . .      SeeInvis +   a - +1 dagger
rCold   . . .      Faith    .   (no shield)
rNeg    . . .      Spirit   .   b - +0 robe
rPois   +          Reflect  .   (no helmet)
rElec   .          Harm     .   (no cloak)
rCorr   .          Rampage  .   (no gloves)
Will    .....                   (no barding)
Stlth   +++.......              (no amulet)
HPRegen 0.09/turn               (no ring)
MPRegen 0.10/turn               (no ring)

@: very slow
A: AC +1, large, see invisible, deformed body, poison resistance, slowness 2,
spit poison 1, naga tail 1
a: Spit Poison


You were on level 2 of the Dungeon.
You visited 1 branch of the dungeon, and saw 2 of its levels.

You collected 99 gold pieces.

Inventory:

Hand Weapons
 a - a +1 dagger (weapon)
Armour
 b - a +0 robe (worn)
Jewellery
 f - a +4 ring of evasion
Scrolls
 e - a scroll of immolation {unknown}
 g - a scroll of amnesia {unknown}
 h - 2 scrolls of teleportation {unknown}
 i - a scroll of butterflies {unknown}
Potions
 c - 2 potions of invisibility
 d - a potion of curing {unknown}


   Skills:
 + Level 1.7 Short Blades
 - Level 1.5 Dodging
 + Level 5.1 Stealth
 * Level 2.8 Spellcasting
 + Level 3.3 Hexes


You had 5 spell levels left.
You knew the following spells:

 Your Spells              Type           Power      Damage    Failure   Level
a - Ensorcelled Hibernat  Hex/Ice        16%        N/A       14%         2

Your spell library contained the following spells:

 Spells                   Type           Power      Damage    Failure   Level
 Confusing Touch          Hex            13%        N/A       14%         3
 Tukima's Dance           Hex            13%        N/A       14%         3
 Dazzling Flash           Conj/Hex       16%        N/A       26%         3


Dungeon Overview and Level Annotations

Branches:
Dungeon (2/15)

Altars:

Shops:
D:1 :


Innate Abilities, Weirdness & Mutations

Your serpentine skin is tough. (AC +1)
You have supernaturally acute eyesight. (SInv)
Armour fits poorly on your strangely shaped body.
Your system is resistant to poisons. (rPois)
You cover ground very slowly.
You can spit poison.
You have a snake-like lower body.


Message History

Found a stone staircase leading down.
There is a stone staircase leading up here.
The gnoll shouts!
You hear a shout!
There is a stone staircase leading up here.
Aiming: Spit Poison (2% risk of failure)
Press: ? - help, Shift-Dir - straight line, f - gnoll
Aim: a gnoll, wielding a +0 whip (65% to hit)
The splash of poison hits the gnoll.
The gnoll is poisoned.
The gnoll is lightly wounded.
You barely miss the gnoll.
The gnoll is moderately wounded.
The gnoll closely misses you. x2
You hit the gnoll.
The gnoll is heavily wounded.
You have got your breath back.
The gnoll hits you with a +0 whip. x2
Unknown command.
Casting: Ensorcelled Hibernation (safe; 14% risk of failure)
Confirm with . or Enter, or press ? or * to list all spells.
Aiming: Ensorcelled Hibernation (safe; 14% risk of failure)
Press: ? - help, Shift-Dir - straight line, f - gnoll, p - gnoll
Aim: a gnoll, wielding a +0 whip (chance to affect: 50%)
The gnoll resists with some effort.
The gnoll barely misses you. The gnoll hits you with a +0 whip.
Casting: Ensorcelled Hibernation (safe; 14% risk of failure)
Confirm with . or Enter, or press ? or * to list all spells.
Aiming: Ensorcelled Hibernation (safe; 14% risk of failure)
Press: ? - help, Shift-Dir - straight line, f/p - gnoll
Aim: a gnoll, wielding a +0 whip (chance to affect: 50%)
The gnoll looks drowsy...
The gnoll hits you with a +0 whip!
* * * LOW HITPOINT WARNING * * *
The helpless gnoll fails to defend itself.
You impale the gnoll!!
You kill the gnoll!
The gnoll hits you with a +0 whip!
* * * LOW HITPOINT WARNING * * *
You hit the gnoll.
The gnoll is severely wounded.
The gnoll hits you with a +0 whip.
You die...

..........###
#........##
##........#.
#....>......
#......K....
#...........
#.........>.
#...g.......
##.@).....#.
##.........
###.....##
>#...# ##...#
###


You could see a gnoll (poisoned) and a kobold.

Vanquished Creatures
  2 gnolls
  A dart slug (D:1)
  2 endoplasms (D:1)
  2 giant cockroaches (D:1)
  3 goblins (D:1)
  A hobgoblin (D:1)
  3 jackals (D:1)
  3 kobolds (D:1)
  A quokka (D:1)
  A ball python (D:1)
  6 bats (D:1)
  3 frilled lizards (D:1)
28 creatures vanquished.

Notes
Turn   | Place    | Note
-------+----------+-------------------------------------------
     0 | D:1      | Ivernyr the Naga Enchanter began the quest for the Orb.
     0 | D:1      | Reached XP level 1. HP: 15/15 MP: 3/3
    92 | D:1      | Reached XP level 2. HP: 3/22 MP: 5/5
   357 | D:1      | Learned a level 2 spell: Ensorcelled Hibernation
   527 | D:1      | Reached XP level 3. HP: 28/28 MP: 6/6
   528 | D:1      | Found Guweur's Book Shop.
   700 | D:1      | Reached skill level 5 in Stealth
  1043 | D:2      | HP: 1/28 [gnoll/+0 whip (7)]
  1045 | D:2      | Slain by a gnoll

Illustrated notes

Levels and vault maps discovered:
D:1:      minmay_arrival_open_corners, layout_rooms, serial_shops,
          nicolae_diamond_shop
D:2:      layout_rooms, basic_altar, shapermc_ecumenical_altar_mp_vishouse

Skill      XL: |  1  2  3 |
---------------+----------+-----
Stealth        | 5 |  5.1
Short Blades   | |  1.7
Dodging        | |  1.5
Spellcasting   | |  2.8
Hexes          | |  3.3

Action                   || total
-------------------------++-------
Melee: Dagger            ||    77
 Cast: Ensorcelled Hiber ||     7
 Abil: Spit Poison       ||     9
 Stab: Sleeping          ||     9
Armor: Robe              ||    19
Dodge: Dodged            ||    48
